 Dungeon Crawl Stone Soup version 0.25-a0-1133-g93ebf739aa (webtiles) character file.

Game seed: 11818843324787577338, levelgen mode: deterministic

6 vurker the Charlatan (level 2, -1/21 HPs)
             Began as a Human Artificer on May 20, 2020.
             Slain by a ball python (2 damage)
             ... on level 1 of the Dungeon.
             The game lasted 00:00:24 (209 turns).

vurker the Charlatan (Human Artificer)               Turns: 209, Time: 00:00:25

Health: -1/21      AC:  3    Str: 12    XL:     2   Next: 0%
Magic:  4/4        EV: 12    Int: 11    God:
Gold:   13         SH:  0    Dex: 13    Spells: 1/1 levels left

rFire    . . .     SeeInvis .   a - +0 short sword
rCold    . . .     Gourm    .   (no shield)
rNeg     . . .     Faith    .   b - +0 leather armour
rPois    .         Spirit   .   (no helmet)
rElec    .         Reflect  .   (no cloak)
rCorr    .         Harm     .   (no gloves)
MR       .....                  (no boots)
Stlth    +.........             (no amulet)
HPRegen  0.07/turn              (no ring)
MPRegen  0.09/turn              (no ring)

@: no status effects
A: no striking features
a: no special abilities


You were on level 1 of the Dungeon.
You were not hungry.

You visited 1 branch of the dungeon, and saw 1 of its levels.

You collected 13 gold pieces.

Inventory:

Hand Weapons
 a - a +0 short sword (weapon)
Armour
 b - a +0 leather armour (worn)
Wands
 d - a wand of enslavement (15)
 f - a wand of random effects (15)
 t - a wand of flame (15)
Scrolls
 c - a scroll of magic mapping {unknown}
Potions
 g - a potion of heal wounds {unknown}
Comestibles
 e - a ration


   Skills:
 + Level 1.2 Fighting
 - Level 1.0 Short Blades
 + Level 0.4 Armour
 + Level 2.1 Dodging
 - Level 1.0 Stealth
 + Level 3.1 Evocations


You had one spell level left.
You didn't know any spells.
Your spell library was empty.

Dungeon Overview and Level Annotations

Branches:
Dungeon (1/15)

Altars:


Message History

You hit the dart slug.
You kill the dart slug!
No target in view!
No target in view!
No target in view!
No target in view!
No target in view!
g - a brown potion A kobold comes into view.
It is wielding a +0 short sword.
The kobold throws a stone.
The stone closely misses you.
You see here a stone.
A kobold is nearby!
A kobold is nearby!
The kobold throws a stone.
The stone hits you but does no damage.
Found 13 gold pieces.
You see here a stone.
A rat comes into view.
Found a scroll labeled GAUNOPE BANG.
A bat and a ball python come into view.
The kobold closely misses you.
You closely miss the kobold. The kobold barely misses you.
You barely miss the kobold. The kobold misses you.
You barely miss the kobold.
The ball python hisses angrily.
A hobgoblin comes into view.
The kobold hits you with a +0 short sword.
You barely miss the rat. The bat barely misses you. The rat closely misses you.
The kobold hits you but does no damage.
You completely miss the rat. The rat closely misses you. The bat misses you.
The kobold closely misses you.
You hit the bat.
You kill the bat!
The rat barely misses you. The kobold barely misses you.
You closely miss the rat. The rat misses you.
The kobold hits you with a +0 short sword.
* * * LOW HITPOINT WARNING * * *
A ball python comes into view.
The ball python bites you.
* * * LOW HITPOINT WARNING * * *
The ball python grabs you. The ball python constricts you.
You escape the ball python's grasp.
The ball python hisses angrily.
You barely miss the rat. The rat barely misses you.
You hit the rat.
You kill the rat!
You have reached level 2!
The kobold hits you with a +0 short sword.
* * * LOW HITPOINT WARNING * * *
The ball python bites you.
You die...

............##..##.........#
###..##...#.###.#..........#
....#####.....#.#(.#.......#
##### #.#)......(#...?...#
#..................##
#....................
♣♣#.##.......#.........
♣.#.....#..S..S†.......
♣♣♣♣♣♣♣....#....@.K#.........
♣.♣..♣....###......#.....$...
.[♣.♣...#......##.....##.##..
<..♣♣♣.♣#.###...#.###....# .
..♣.♣♣♣♣#(##..#...# #....#
♣♣♣♣♣ #.##.###... ..... #....
##.. ##..# ##). ...# .


You could see 2 ball pythons and a kobold.

Vanquished Creatures
  A dart slug (D:1)
  2 bats (D:1)
  2 kobolds (D:1)
  A rat (D:1)
6 creatures vanquished.

Notes
Turn   | Place    | Note
-------+----------+-------------------------------------------
     0 | D:1      | vurker the Human Artificer began the quest for the Orb.
     0 | D:1      | Reached XP level 1. HP: 15/15 MP: 3/3
   207 | D:1      | Reached XP level 2. HP: 4/21 MP: 4/4
   207 | D:1      | HP: 1/21 [kobold/+0 short sword (3)]
   209 | D:1      | Slain by a ball python

Illustrated notes

Levels and vault maps discovered:
D:1:      roderic_dead_forest, layout_rooms, st_stairs_10,
          minmay_misc_feat_tiny, serial_bayou_lagoon_b

Action                   || total
-------------------------++-------
Melee: Short sword       ||    29
Armor: Leather armour    ||    16
Dodge: Dodged            ||    32

Table legend:
 A = Non-vault XP
 B = Vault XP
 C = Vault XP percentage of total XP
 D = Non-vault monster count
 E = Vault monster count
 F = Vault count percentage of total count
                 A         B        C        D         E       F
            +---------+---------+-------+---------+---------+-------
      Total |       9 |       0 |   0.0 |       6 |       0 |   0.0
            +---------+---------+-------+---------+---------+-------
        D:1 |       9 |       0 |   0.0 |       6 |       0 |   0.0
            +---------+---------+-------+---------+---------+-------
